 Dungeon Crawl Stone Soup version 0.31-a0-549-gf98fd537a9 (webtiles) character file.

Game seed: 17256219023539883127

3 Ethylacetat the Ducker (level 1, 0/14 HPs)
             Began as an Octopode Gladiator on Aug 16, 2023.
             Succumbed to a kobold's poison
             ... on level 1 of the Dungeon.
             The game lasted 00:00:09 (40 turns).

Ethylacetat the Ducker (Octopode Gladiator)           Turns: 40, Time: 00:00:09

Health: 0/14       AC:  1    Str: 13    XL:     1   Next: 50%
Magic:  1/1        EV: 14    Int: 10    God:
Gold:   0          SH:  0    Dex: 13    Spells: 0/0 levels left

rFire   . .          .
                       - Unarmed
rCold   . . .        (no shield)
rNeg    . . .        a - +0 hat
rPois   .            (no amulet)
rElec   .            (no ring)
rCorr   .            (no ring)
SInv    .            (no ring)
Will    .....        (no ring)
Stlth   ++           (no ring)
HPRegen 0.22/turn    (no ring)
MPRegen 0.07/turn    (no ring)
                     (no ring)

%: no passive effects
@: lethally poisoned (0 -> -14)
A: almost no armour, amphibious, 8 rings, camouflage 1, gelatinous body 1,
(nimble swimmer 1), tentacles
a: no special abilities


You were on level 1 of the Dungeon.
You visited 1 branch of the dungeon, and saw 1 of its levels.

Inventory:

Missiles
 b - 3 throwing nets (quivered)
 c - a javelin
Armour
 a - a +0 hat (worn)


   Skills:
 + Level 2.1 Fighting
 - Level 2.0 Throwing
 + Level 3.1 Dodging
 + Level 3.0 Unarmed Combat


You couldn't memorise any spells.
You didn't know any spells.
Your spell library was empty.

Dungeon Overview and Level Annotations

Branches:
Dungeon (1/15)

Altars:


Innate Abilities, Weirdness & Mutations

You cannot wear most types of armour.
You are amphibious.
You can wear up to eight rings at the same time.
Your skin changes colour to match your surroundings (Stealth+).
Your rubbery body absorbs attacks. (AC +1, EV +1)
((You are camouflaged when in or above water. (Stealth+)))
You have tentacles for arms and can constrict up to eight enemies at once.


Message History

You kill the quokka!
You tentacle-slap the kobold but do no damage.
You grab the kobold. You constrict the kobold. The kobold misses you.
You tentacle-slap the kobold.
You kill the kobold!
No target in view!
No target in view!
A kobold comes into view. It is wielding a +0 dagger of venom.
Found a fuming green potion.
A kobold is nearby!
A kobold is nearby!
The kobold shouts!
A rat comes into view.
There are monsters nearby!
You closely miss the kobold. You grab the kobold.
Your squeeze misses the kobold.
You constrict the kobold, but do no damage.
The kobold completely misses you.
There are monsters nearby!
You tentacle-slap the kobold.
The kobold is moderately wounded.
You constrict the kobold, but do no damage.
The kobold hits you with a +0 dagger of venom.
You are poisoned.
There are monsters nearby!
You barely miss the kobold.
The kobold is moderately wounded.
You constrict the kobold.
You feel very sick. The rat completely misses you.
The kobold hits you with a +0 dagger of venom.
You are more poisoned.
You tentacle-slap the kobold.
You kill the kobold!
* * * LOW HITPOINT WARNING * * *
You feel very sick. The rat completely misses you.
You tentacle-slap the rat.
You kill the rat!
You die...

####### #.....# #..<..#
#.....############
#.###.#..!...#... #
#.#†#.# ........ ..
#.###.# .....#####.###
#.....##.###.)..........
#.....##.....@....##...
#.....######...........
###'### #......###. #.#
#####..# #.#######
###..# #.......# #....#
#####...# #.#.##
#...####.#.####.
+...............


There were no monsters in sight!

Vanquished Creatures
  A quokka (D:1)
  2 kobolds (D:1)
  A rat (D:1)
4 creatures vanquished.

Notes
Turn   | Place    | Note
-------+----------+-------------------------------------------
     0 | D:1      | Ethylacetat the Octopode Gladiator began the quest for the
                  | Orb.
     0 | D:1      | Reached XP level 1. HP: 14/14 MP: 1/1
    40 | D:1      | Succumbed to a kobold's poison

Illustrated notes

Levels and vault maps discovered:
D:1:      nicolae_arrival_memento_mori, layout_basic, serial_shops, shop,
          nicolae_shop_statue_plus

Action                     || total
---------------------------++-------
  Melee: Unarmed           ||     8
         Constrict         ||     3
         Tentacles         ||     1
  Dodge: Dodged            ||     5

Table legend: (Time is in decaauts)
 A = Elapsed time spent in this place.
 B = Non-inter-level travel time spent in this place.
 C = Inter-level travel time spent in this place.
 D = Time resting spent in this place.
 E = Time spent auto-exploring this place.
 F = Levels seen in this place.
 G = Mean time per level.
                   A        B        C        D        E       F      G
               +--------+--------+--------+--------+--------+-----+--------+
         Total |     39 |     39 |      0 |      0 |     22 |   1 |   39.0 |
       Dungeon |     39 |     39 |      0 |      0 |     22 |   1 |   39.0 |
               +--------+--------+--------+--------+--------+-----+--------+

Top non-repeatable levels by time:
     D:1: 39 daAuts
